Map: Lost and Found LE

Players

Nightmare

  • Race: Terran Terran
  • Spawn Location: 7:00

Charlie - Winner!

  • Race: Terran Terran
  • League: Silver
  • Spawn Location: 1:00

VOD

Have the link to the VOD?

Description

Time

  • Played on: Nov. 4, 2018, 7:14 p.m.
  • Length: 14:48
Show
View Real Time Build Order
Export as new Build Order

Nightmare Terran 

Build Orders:  

Get SALT Encoding   

  12  0:05  SCV  
  13  0:14  Refinery  
  13  0:23  Supply Depot  
  13  0:37  Engineering Bay  
  13  0:39  SCV  
  14  0:51  Supply Depot  
  14  0:55  SCV  
  15  1:16  Barracks  
  15  1:46  SCV  
  16  1:48  Missile Turret  
  16  1:53  Terran Infantry Weapons Level 1  
  16  1:58  SCV  
  17  2:10  SCV  
  17  2:11  Marine  
  19  2:22  SCV  
  20  2:28  Marine  
  20  2:29  Factory  
  21  2:34  SCV  
  22  2:39  Refinery  
  22  2:46  SCV, Marine  
  22  2:51  Supply Depot  
  24  3:04  Marine  
  25  3:12  Missile Turret  
  25  3:22  Marine  
  26  3:35  Starport  
  26  3:37  Factory Tech Lab  
  26  3:40  Reaper  
  27  3:55  Missile Turret  
  27  4:00  SCV  
  28  4:12  SCV, Siege Tank, Reaper  
  33  4:24  SCV  
  34  4:44  Missile Turret  
  34  4:53  Missile Turret  
  34  5:03  Supply Depot  
  34  5:06  Medivac  
  36  5:24  Armory  
  36  5:39  Missile Turret  
  36  5:42  Supply Depot  
  36  6:15  Thor  
  42  6:20  Reaper  
  43  6:37  Starport Tech Lab  
  43  6:51  Supply Depot  
  43  6:52  Reaper  
  44  6:56  Terran Ship Weapons Level 1  
  44  6:57  Thor  
  44  7:00  Supply Depot  
  50  7:14  Command Center  
  50  7:36  Supply Depot  
  50  8:04  Fusion Core  
  50  8:17  Supply Depot  
  50  8:30  Missile Turret  
  50  8:31  Supply Depot  
  50  8:35  Viking  
  52  8:43  Terran Infantry Weapons Level 2  
  52  8:52  SCV, Refinery  
  53  9:01  Thor  
  59  9:05  SCV  
  61  9:17  SCV  
  61  9:29  SCV  
  62  9:31  Battlecruiser  
  68  9:41  SCV  
  69  9:53  SCV  
  70  10:05  SCV  
  62  10:45  Battlecruiser  
  68  10:58  Refinery  
  68  11:21  Starport  
  68  11:28  Supply Depot  
  68  11:32  Supply Depot  
  68  11:39  Missile Turret  
  68  11:40  SCV  
  69  11:50  Battlecruiser  
  69  11:52  SCV  
  76  11:58  Terran Ship Weapons Level 2  
  76  12:04  SCV  
  60  12:16  SCV  
  61  12:28  SCV  
  41  12:44  Thor  
  40  12:47  Marine  
  52  13:04  Marine  
  46  13:22  Marine  
Show
View Real Time Build Order
Export as new Build Order

Charlie Terran - Winner!

Build Orders:  

Get SALT Encoding   

  12  0:01  SCV  
  13  0:13  SCV  
  14  0:18  Supply Depot  
  14  0:25  SCV  
  15  0:31  Refinery  
  15  0:43  Barracks  
  15  0:45  SCV  
  16  0:58  SCV, Refinery  
  17  1:10  SCV  
  18  1:33  Factory  
  18  1:40  Orbital Command  
  18  1:44  Barracks Reactor  
  18  1:57  Supply Depot  
  18  2:08  SCV  
  19  2:19  Factory Tech Lab, Starport  
  19  2:23  Marine x2  
  19  2:26  SCV  
  22  2:41  SCV  
  22  2:43  Marine  
  22  2:44  Marine  
  25  2:47  Supply Depot  
  25  2:50  Factory Tech Lab  
  25  3:03  Marine x2  
  27  3:07  Banshee  
  27  3:09  Cloaking Field  
  27  3:11  SCV, Supply Depot  
  31  3:25  Marine x2  
  33  3:31  SCV  
  33  3:33  Supply Depot  
  34  3:37  Siege Tank  
  37  3:44  SCV  
  38  3:50  Marine x2  
  40  3:55  Supply Depot  
  40  4:00  Banshee  
  43  4:03  SCV  
  43  4:09  Marine  
  45  4:11  Marine  
  45  4:16  SCV  
  47  4:17  Supply Depot  
  47  4:21  Siege Tank  
  47  4:49  Marine  
  47  4:50  Supply Depot  
  48  4:53  Command Center  
  48  4:57  SCV  
  49  5:06  Engineering Bay  
  49  5:09  SCV  
  49  5:11  Armory  
  50  5:19  Factory  
  50  5:25  Factory  
  50  5:30  Marine x2  
  52  5:42  Supply Depot  
  52  5:48  Marine x2  
  54  6:14  SCV  
  55  6:19  Refinery  
  55  6:23  Marine x2  
  57  6:26  SCV, Factory Tech Lab  
  57  6:27  Factory Tech Lab  
  57  6:32  Supply Depot  
  58  6:37  Factory  
  58  6:38  SCV  
  59  6:41  Factory  
  59  6:43  Armory  
  59  6:53  SCV, Supply Depot  
  60  6:58  Refinery  
  60  7:01  Marine x2  
  62  7:05  SCV  
  63  7:09  Orbital Command  
  63  7:17  SCV  
  63  7:18  Marine  
  63  7:19  Marine, Terran Vehicle Weapons Level 1  
  66  7:24  Supply Depot  
  66  7:27  Supply Depot  
  66  7:29  SCV, Factory Tech Lab  
  67  7:32  Factory Tech Lab  
  67  7:36  SCV  
  68  7:41  SCV  
  69  7:48  SCV, Marine x2  
  72  7:53  SCV  
  73  8:06  SCV x2  
  75  8:13  Command Center  
  75  8:18  SCV x2, Marine  
  78  8:25  Supply Depot x2  
  78  8:29  Terran Vehicle And Ship Armor Level 1  
  78  8:30  SCV x2  
  80  8:42  SCV x2  
  80  8:45  Marine x2  
  80  8:46  Thor  
  90  8:54  Supply Depot  
  90  8:58  Terran Infantry Weapons Level 1  
  90  9:10  Marine x2  
  90  9:11  Thor  
  98  9:30  SCV x2, Refinery  
  100  9:32  Planetary Fortress  
  100  9:34  Marine x2  
  100  9:35  Thor x2  
  114  9:43  Supply Depot  
  114  9:44  Terran Vehicle Weapons Level 2  
  114  9:48  Supply Depot  
  114  9:49  SCV x2  
  116  9:54  Marine x2  
  109  10:34  SCV x2  
  111  10:39  Thor x2  
  111  10:41  Thor  
  111  10:42  Thor  
  135  10:48  Refinery  
  135  10:50  SCV x2  
  135  10:57  Thor  
  137  11:00  Terran Vehicle And Ship Armor Level 2  
  143  11:22  Thor x2  
  155  11:29  SCV x2  
  155  11:31  SCV  
  158  11:37  Command Center  
  158  11:41  SCV, Thor  
  165  11:49  Terran Infantry Weapons Level 2  
  164  12:13  SCV x2  
  156  12:21  Thor x2  
  161  12:42  Thor  
  167  13:01  Planetary Fortress  
  167  13:03  SCV x2  
  163  13:13  Thor x2  
  172  13:53  Refinery  
  172  13:55  Refinery  
  172  13:56  SCV  
  172  13:57  SCV x3  
Tags
 
League
Silver
Matchup
TvT
Race
Terran
Spawn Locations
Cross Positions
Add a new tag
Caveats
  • Supply blocks, unpowered buildings, or Contaminate may cause inaccurate times.
  • Supply counts are checked every 10 seconds.